 Dungeon Crawl Stone Soup version 0.23.2-40-g277498a001 (webtiles) character file.

Game seed: 15915260103673298518

168 KamiKatze the Chopper (level 5, -7/42 HPs)
             Began as a Merfolk Fighter on Sept 15, 2019.
             Mangled by a gnoll
             ... wielding a +0 flail
              (9 damage)
             ... on level 3 of the Dungeon.
             The game lasted 00:06:22 (1691 turns).

KamiKatze the Chopper (Merfolk Fighter)             Turns: 1691, Time: 00:06:23

Health: -7/42      AC:  6    Str: 17    XL:     5   Next: 48%
Magic:  5/5        EV:  6    Int:  7    God:
Gold:   77         SH:  9    Dex: 14    Spells: 4/4 levels left

rFire    . . .     SeeInvis .   a - +1 war axe
rCold    . . .     Gourm    .   c - +0 shield
rNeg     . . .     Faith    .   b - +0 scale mail
rPois    .         Spirit   .   (no helmet)
rElec    .         Reflect  .   (no cloak)
rCorr    +         Harm     .   (no gloves)
MR       .....                  (no boots)
Stlth    ..........             k - amulet of inaccuracy (curse)
HPRegen  0.14/turn              g - ring of resist corrosion
MPRegen  0.09/turn              (no ring)

@: flying
A: change form in water, swift swim, stealthy swim
a: no special abilities


You were on level 3 of the Dungeon.
You were not hungry.

You visited 1 branch of the dungeon, and saw 3 of its levels.

You collected 77 gold pieces.

Inventory:

Hand Weapons
 a - a +1 war axe (weapon)
Missiles
 e - 95 stones (quivered)
Armour
 b - a +0 scale mail (worn)
 c - a +0 shield (worn)
Jewellery
 g - a ring of resist corrosion (left hand)
 k - a cursed amulet of inaccuracy (around neck)
Potions
 d - a potion of might
 h - 2 potions of magic {unknown}
 o - a potion of lignification {unknown}
 p - a potion of curing {unknown}
Comestibles
 f - 5 rations
 i - 5 chunks of flesh


   Skills:
 - Level 4.0 Fighting
 * Level 4.2 Axes
 - Level 2.1 Armour
 - Level 3.0 Shields


You had 4 spell levels left.
You didn't know any spells.
Your spell library was empty.

Dungeon Overview and Level Annotations

Branches:
Dungeon (3/15)

Altars:


Message History

You closely miss the gnoll. The gnoll hits you with a +0 flail!
The gnoll hits you from afar with a +0 spear.
The orc hits you but does no damage. The gnoll hits you with a +0 flail.
You are too injured to fight recklessly!
You are too injured to fight recklessly!
Unknown command.
You barely miss the gnoll.
The gnoll is heavily wounded.
You hit the orc but do no damage.
The gnoll hits you from afar with a +0 spear.
* * * LOW HITPOINT WARNING * * *
The orc hits you but does no damage. You block the gnoll's attack.
The gnoll hits you from afar with a +0 spear.
* * * LOW HITPOINT WARNING * * *
It was a potion of flight.
You feel very buoyant.
You fly up into the air.
The orc hits you with a cursed -2 mace.
* * * LOW HITPOINT WARNING * * *
The gnoll completely misses you. The gnoll hits you with a +0 flail!
You die...

.#...)..#..go...#
...........##g#.#
.......#..8.#.o.#
......###....#S.#########
......# #..8.#.#.........
#รท....#
+....#.##...#...# #...#.#
#..8.............
#...#.###.....###gg.#...#
#...#..#..8.####@o.......
....##...... ##########
..........# ###..####. #
#.....# ###..##.# ....##
# ###.# ##..#


You could see 2 gnolls and an orc.

Vanquished Creatures
  A jelly (D:2)
  2 gnolls (D:3)
  3 adders (D:2)
  A shadow imp (D:2)
  6 oozes (D:2)
  A worm (D:2)
  3 leopard geckos
  3 orcs (D:3)
  A ball python (D:3)
  A giant cockroach (D:3)
  2 goblins (D:3)
  5 hobgoblins
  3 jackals (D:1)
  3 bats
  2 frilled lizards
  11 kobolds
  6 rats
54 creatures vanquished.

Vanquished Creatures (others)
  9 toadstools (D:2)
9 creatures vanquished.

Grand Total: 63 creatures vanquished

Notes
Turn   | Place    | Note
-------+----------+-------------------------------------------
     0 | D:1      | KamiKatze the Merfolk Fighter began the quest for the Orb.
     0 | D:1      | Reached XP level 1. HP: 18/18 MP: 1/1
   376 | D:1      | Reached XP level 2. HP: 24/24 MP: 2/2
   625 | D:2      | Reached XP level 3. HP: 29/30 MP: 3/3
   998 | D:2      | Reached XP level 4. HP: 32/37 MP: 4/4
  1324 | D:2      | Reached XP level 5. HP: 38/42 MP: 5/5
  1691 | D:3      | HP: 2/42 [orc/cursed -2 mace (2)]
  1691 | D:3      | Mangled by a gnoll

Skill      XL: |  1  2  3  4  5 |
---------------+----------------+-----
Axes           | 2 3 4 |  4.2
Fighting       | 4 |  4.0
Armour         | |  2.1
Shields        | |  3.0

Action                   |  1- 3 |  4- 6 || total
-------------------------+-------+-------++-------
Melee: War axe           |    75 |    81 ||   156
  Use: Scroll            |       |     7 ||     7
       Potion            |       |     2 ||     2
  Eat: Chunk             |       |     3 ||     3
Armor: Scale mail        |    35 |    76 ||   111
Dodge: Dodged            |    18 |    40 ||    58
Block: Shield            |    41 |    63 ||   104
